Map: Dreamcatcher LE

Players

gabrilio

  • Race: Zerg Zerg
  • Spawn Location: 5:00

Demented - Winner!

  • Race: Zerg Zerg
  • League: Platinum
  • Spawn Location: 11:00

VOD

Have the link to the VOD?

Description

Time

  • Played on: Nov. 1, 2018, 9:34 a.m.
  • Length: 5:15
Show
View Real Time Build Order
Export as new Build Order

gabrilio Zerg 

Build Orders: Pool First 

Get SALT Encoding   

  12  0:01  Drone  
  13  0:09  Drone  
  14  0:26  Spawning Pool  
  13  0:29  Drone  
  14  0:38  Overlord  
  14  1:08  Hatchery  
  13  1:13  Zergling x2  
  13  1:14  Zergling x2  
  13  1:15  Zergling x2  
  16  1:25  Drone  
  17  1:31  Queen  
  19  1:44  Extractor  
  19  1:46  Drone x2  
  20  1:49  Extractor  
  19  2:04  Drone  
  20  2:12  Drone  
  21  2:19  Queen  
  21  2:21  Drone  
  24  2:25  Drone  
  25  2:32  Metabolic Boost  
  25  2:33  Zergling x2  
  26  2:37  Zergling x2  
  27  2:48  Zergling x2  
  28  2:52  Overlord  
  28  3:02  Overlord  
  28  3:17  Overlord  
  28  3:24  Overlord  
  28  3:25  Zergling x2  
  29  3:28  Drone  
  29  3:33  Drone  
  31  3:38  Drone  
  32  3:43  Drone  
  32  3:48  Drone  
  34  3:51  Drone  
  35  3:58  Drone  
  35  4:00  Drone  
  35  4:14  Drone x4  
  35  4:16  Zergling x2  
  20  4:35  Zergling x6  
  14  4:42  Zergling x2  
Show
View Real Time Build Order
Export as new Build Order

Demented Zerg - Winner!

Build Orders: Hatch First, Zergling Baneling 

Get SALT Encoding   

  12  0:01  Drone  
  13  0:08  Drone  
  14  0:18  Overlord  
  14  0:40  Drone  
  14  0:41  Drone x2  
  17  1:04  Drone x2  
  17  1:05  Hatchery  
  18  1:26  Extractor  
  18  1:27  Spawning Pool  
  18  1:32  Drone x2  
  18  1:35  Overlord  
  18  1:48  Drone  
  19  2:15  Zergling x4, Baneling Nest  
  20  2:17  Zergling x2, Queen  
  20  2:19  Queen  
  20  2:22  Zergling x2  
  26  2:30  Overlord  
  26  2:32  Zergling x2  
  27  2:45  Zergling x2  
  27  2:47  Overlord  
  27  2:49  Zergling x4  
  30  3:01  Zergling x4  
  30  3:02  Baneling x2  
  30  3:03  Baneling x2  
  32  3:11  Drone x2  
  34  3:15  Baneling  
  34  3:16  Baneling  
  34  3:27  Drone x2  
  34  3:28  Drone x2  
  34  3:31  Drone  
  39  3:38  Drone x2  
  42  3:41  Drone  
  42  3:43  Drone  
  42  3:46  Drone  
  44  3:51  Baneling x3  
  44  3:55  Overlord  
  40  4:15  Zergling x10  
  38  4:20  Zergling x6  
  33  4:27  Baneling  
  33  4:28  Baneling  
  33  4:29  Zergling x2  
  32  4:35  Spine Crawler  
  32  4:37  Zergling x4  
  32  4:38  Zergling x4  
  25  4:50  Zergling x2  
Tags
 
Add a new tag
Caveats
  • Supply blocks, unpowered buildings, or Contaminate may cause inaccurate times.
  • Supply counts are checked every 10 seconds.